 Seeded DCSS version 0.29.1-12-g30fa7ad0bf (webtiles) character file.

Game seed: 9845822215292249863 (custom seed)

22572 hikkokomori the Basher (level 13, -2/93 HPs)
             Began as an Octopode Conjurer on Jan 8, 2023.
             Was an Initiate of Gozag.
             Slain by an eight-headed hydra (9 damage)
             ... on level 3 of the Lair of Beasts.
             The game lasted 00:29:37 (14123 turns).

hikkokomori the Basher (Octopode Conjurer)         Turns: 14123, Time: 00:29:37

Health: -2/93      AC:  1    Str: 14    XL:     13   Next: 1%
Magic:  16/16      EV: 20    Int: 34    God:    Gozag
Gold:   1236       SH:  8    Dex: 15    Spells: 4/16 levels left

rFire   + + .      SeeInvis +   g - +6 demon whip of the Shining Light {elec, Contam rN+ SInv}
rCold   . . .      Faith    .   B - +2 buckler {rF+}
rNeg    + . .      Spirit   .   (helmet restricted)
rPois   .          Reflect  .   O - amulet of regeneration
rElec   .          Harm     .   h - ring of willpower
rCorr   .          Rampage  .   v - ring "Oqawur" {Str+4 Int+6 Dex+5}
Will    +....                   c - ring "Geir" {rF+ Int+6}
Stlth   ++++......              G - +4 ring of evasion
HPRegen 1.05/turn               (no ring)
MPRegen 0.15/turn               (no ring)
                                (no ring)
                                (no ring)

@: gold aura
A: almost no armour, amphibious, 8 rings, camouflage 1, gelatinous body 1,
(nimble swimmer 1), tentacles
a: Renounce Religion, Potion Petition, Call Merchant, Bribe Branch


You were on level 3 of the Lair of Beasts.
You worshipped Gozag.
Gozag was most pleased with you.
You visited 3 branches of the dungeon, and saw 14 of its levels.

You collected 4917 gold pieces.
You spent 1277 gold pieces at shops.
You paid 2404 gold pieces to Gozag.

Inventory:

Hand Weapons
 g - the +6 demon whip of the Shining Light (weapon) {elec, Contam rN+ SInv}
   (You acquired it on level 1 of the Dungeon)

   It occasionally discharges a powerful burst of electricity upon striking a
   foe.
   rN:        It protects you from negative energy.
   SInv:      It lets you see invisible.
   Contam:    It causes magical contamination when unequipped.
 A - a +0 spear
Missiles
 P - a throwing net
Armour
 B - a +2 buckler of fire resistance (worn)
Magical Staves
 i - a staff of conjuration
Jewellery
 c - the ring "Geir" (on tentacle) {rF+ Int+6}
   (You bought it in a shop on level 4 of the Dungeon)

   [ring of protection from fire]

   Int:       It affects your intelligence (+6).
   rF:        It protects you from fire.
 h - a ring of willpower (left tentacle)
 j - an amulet of the acrobat
 v - the ring "Oqawur" (right tentacle) {Str+4 Int+6 Dex+5}
   (You bought it in a shop on level 4 of the Dungeon)

   [ring of intelligence]

   Str:       It affects your strength (+4).
   Int:       It affects your intelligence (+6).
   Dex:       It affects your dexterity (+5).
 y - an amulet of magic regeneration
 z - an amulet of guardian spirit
 G - a +4 ring of evasion (on tentacle)
 K - a ring of fire
 N - a ring of positive energy
 O - an amulet of regeneration (around mantle)
Wands
 t - a wand of mindburst (10)
 C - a wand of light (3)
 D - a wand of polymorph (11)
 Q - a wand of charming (10)
 T - a wand of digging (4)
 U - a wand of roots (8)
Scrolls
 b - 7 scrolls of teleportation
 d - 3 scrolls of vulnerability
 k - 7 scrolls of amnesia
 l - a scroll of blinking
 o - 2 scrolls of poison
 p - 3 scrolls of enchant weapon
 r - 7 scrolls of butterflies
 s - a scroll of noise {unknown}
 u - 2 scrolls of magic mapping
 w - 2 scrolls of fear
 H - a scroll of torment {unknown}
 R - 2 scrolls of silence {unknown}
 S - 2 scrolls of identify
 V - a scroll of summoning {unknown}
Potions
 a - 4 potions of magic
 e - 3 potions of heal wounds
 f - 5 potions of curing
 m - 2 potions of brilliance
 n - a potion of ambrosia {unknown}
 q - 2 potions of might {unknown}
 x - a potion of lignification
 E - a potion of mutation {unknown}
 F - a potion of flight
 I - 3 potions of haste
 J - a potion of resistance {unknown}
 L - 2 potions of cancellation
 M - a potion of experience {unknown}
 W - a potion of degeneration {unknown}


   Skills:
 + Level 10.6 Fighting
 + Level 11.8 Maces & Flails
 + Level 7.7 Dodging
 - Level 6.3 Stealth
 - Level 6.2 Shields
 - Level 2.0 Spellcasting
 + Level 9.9 Conjurations
 - Level 4.4 Hexes


You had 4 spell levels left.
You knew the following spells:

 Your Spells              Type           Power      Damage    Failure   Level
a - Magic Dart            Conj           100%       1d8       1%          1
b - Searing Ray           Conj           100%       2d8       1%          2
c - Fulminant Prism       Conj/Hex       25%        3d14      4%          4
d - Iskenderun's Battles  Conj           63%        2d11      3%          5

Your spell library contained the following spells:

 Spells                   Type           Power      Damage    Failure   Level
 Dazzling Flash           Conj/Hex       100%       N/A       1%          3
 Mephitic Cloud           Conj/Pois/Air  25%        N/A       6%          3
 Flame Wave               Conj/Fire      37%        2d10      10%         4
 Iskenderun's Mystic Bla  Conj/Tloc      37%        2d9       10%         4
 Call Imp                 Summ           3%         N/A       12%         2
 Poisonous Vapours        Pois/Air       6%         N/A       12%         2
 Scorch                   Fire           6%         2d5       12%         2
 Gell's Gravitas          Tloc           3%         N/A       22%         3
 Lesser Beckoning         Tloc           3%         N/A       22%         3
 Teleport Other           Tloc           3%         N/A       22%         3
 Fireball                 Conj/Fire      18%        3d9       28%         5
 Orb of Destruction       Conj           31%        9d10      73%         7
 Starburst                Conj/Fire      18%        6d7       83%         6
 Summon Forest            Summ/Tloc      1%         N/A       91%         5
 Eringya's Noxious Bog    Tmut/Pois      1%         N/A       100%        6
 Summon Cactus Giant      Summ           1%         N/A       100%        6
 Summon Hydra             Summ           1%         N/A       100%        7
 Corpse Rot               Necr/Pois/Air  Unusable   N/A       N/A         4

Dungeon Overview and Level Annotations

Branches:
Dungeon (10/15)            Temple (1/1) D:4            Lair (3/5) D:10
 Spider (0/4) Lair:2          Orc (0/2) D:10
  Swamp: Lair:2-3    Shoals: Lair:2-3

Altars:
Dithmenos
Elyvilon
Fedhas
Gozag
Kikubaaqudgha
Makhleb
Vehumet
Wu Jian
Yredelemnul
Zin

Shops:
D:4 =   D:10 [   Lair:2 =

Annotations:
D:7 3 runed translucent doors, GloriousHammer's ghost, novice GnWn


Innate Abilities, Weirdness & Mutations

You cannot wear most types of armour.
You are amphibious.
You can wear up to eight rings at the same time.
Your skin changes colour to match your surroundings (Stealth+).
Your rubbery body absorbs attacks. (AC +1, EV +1)
((You are camouflaged when in or above water. (Stealth+)))
You have tentacles for arms and can constrict up to eight enemies at once.


Message History

Your squeeze misses the dream sheep.
The dream sheep is almost dead.
You whack the dream sheep!
You kill the dream sheep!
You hit the blink frog.
You kill the blink frog!
You have reached level 13!
You now have 1236 gold pieces (gained 15).
An eight-headed hydra comes into view.
An eight-headed hydra is nearby!
An eight-headed hydra is nearby!
The eight-headed hydra roars!
You block the eight-headed hydra's attack.
The eight-headed hydra bites you!
The eight-headed hydra closely misses you.
The eight-headed hydra bites you!
The eight-headed hydra closely misses you.
You block the eight-headed hydra's attack.
The eight-headed hydra closely misses you.
You block the eight-headed hydra's attack.
You whack the eight-headed hydra!
Your squeeze misses the eight-headed hydra.
The eight-headed hydra is lightly wounded.
The eight-headed hydra misses you.
You block the eight-headed hydra's attack. x2
The eight-headed hydra bites you! The eight-headed hydra misses you.
The eight-headed hydra bites you. The eight-headed hydra bites you!
The eight-headed hydra completely misses you.
As you read the scroll of fear, it crumbles to dust.
You assume a fearsome visage.
The eight-headed hydra resists with some effort.
The eight-headed hydra completely misses you.
The eight-headed hydra bites you!
* * * LOW HITPOINT WARNING * * *
The eight-headed hydra completely misses you.
The eight-headed hydra bites you!
* * * LOW HITPOINT WARNING * * *
The eight-headed hydra bites you!
You die...
Your body crumbles into a pile of gold.

####.# #..##.♣
#.## ##.#.#
#.##'##♣ #..
.##..# #.....#
#.## .....#
#.♣♣♣.# #.#
##...# #.....#
.P ####.#
###.### #..#.#
♣.♣ ♣ #.#..#
♣.♣#♣♣.♣♣#.♣
.....#
♣....♣.@D.♣
.....#
♣.♣#♣♣.♣♣#.♣
##.#.# ♣.♣ ..
###.###########
## # #.........
## #...#P.#..
.###.........
....<........
...#..######


You could see an eight-headed hydra.

Vanquished Creatures
  A boulder beetle (D:9)
  2 hydras (Lair:1)
  A catoblepas (Lair:2)
  Pikel (D:4)
  4 elephants (Lair:2)
  2 black mambas
  7 cane toads
  3 rime drakes
  5 komodo dragons
  A troll (D:9)
  Grinder (D:6)
  A dream sheep (Lair:3)
  5 blink frogs (Lair:3)
  2 wyverns
  32 yaks
  Eustachio (D:4)
  3 steam dragons (D:8)
  2 basilisks
  3 wargs (D:10)
  Menkaure (D:4)
  9 water moccasins
  3 orc warriors
  An ice beast (D:5)
  A black bear (D:5)
  A sky beast (D:7)
  3 ogres
  7 wolves
  A centaur (D:7)
  A lemure (D:4)
  17 bullfrogs
  8 kobold brigands
  A necrophage (D:5)
  2 scorpions
  7 wights
  7 howler monkeys
  An electric eel (Lair:1)
  2 jellies
  3 hounds
  2 gnoll boudas
  6 orc priests
  2 iguanas
  Natasha (twice) (D:3)
  9 orc wizards
  7 adders
  14 gnolls
  A shadow imp (D:7)
  2 ufetubi (D:5)
  2 worms
  2 dart slugs (D:1)
  43 orcs
  8 endoplasms
  3 giant cockroaches
  3 goblins
  4 hobgoblins
  4 jackals (D:5)
  46 kobolds
  7 quokkas
  7 ball pythons
  9 bats
  4 frilled lizards
  5 rats
345 creatures vanquished.

Vanquished Creatures (others)
  A cane toad (Lair:2)
  17 fulminant prisms
  5 fungi
  6 plants
29 creatures vanquished.

Grand Total: 374 creatures vanquished

Notes
Turn   | Place    | Note
-------+----------+-------------------------------------------
     0 | D:1      | hikkokomori the Octopode Conjurer began the quest for the
                  | Orb.
     0 | D:1      | Reached XP level 1. HP: 11/11 MP: 3/3
   320 | D:1      | Reached XP level 2. HP: 18/18 MP: 5/5
   345 | D:1      | Reached skill level 1 in Fighting
   723 | D:1      | Reached XP level 3. HP: 23/23 MP: 6/6
  1138 | D:1      | Learned a level 2 spell: Searing Ray
  1139 | D:1      | Identified 3 scrolls of acquirement
  1139 | D:1      | Acquired 566 gold pieces
  1140 | D:1      | Acquired the +6 demon whip of the Shining Light {elec,
                  | Contam rN+ SInv}
  1141 | D:1      | Acquired 1128 gold pieces
  1322 | D:2      | Found a faded altar of an unknown god.
  1416 | D:2      | Reached XP level 4. HP: 29/29 MP: 7/7
  1421 | D:2      | Learned a level 4 spell: Fulminant Prism
  2119 | D:3      | Reached skill level 5 in Conjurations
  2119 | D:3      | Reached XP level 5. HP: 35/35 MP: 8/8
  2161 | D:3      | Noticed Natasha
  2165 | D:3      | Killed Natasha
  2194 | D:3      | Found the +4 robe of Augmentation {Str+4 Int+4 Dex+4}
  2291 | D:3      | You fall into a shaft and drop 1 floor!
  2385 | D:4      | Reached skill level 1 in Maces & Flails
  2662 | D:4      | Reached XP level 6. HP: 36/42 MP: 9/9
  2716 | D:4      | Noticed Eustachio
  2726 | D:4      | Killed Eustachio
  2727 | D:4      | Reached skill level 2 in Maces & Flails
  2970 | D:4      | Noticed Pikel
  2987 | D:4      | Killed Pikel
  2988 | D:4      | Reached skill level 4 in Maces & Flails
  2988 | D:4      | Reached XP level 7. HP: 17/49 MP: 10/10
  3246 | D:4      | Noticed Menkaure
  3252 | D:4      | Killed Menkaure
  3253 | D:4      | Reached skill level 5 in Maces & Flails
  3253 | D:4      | Reached XP level 8. HP: 54/54 MP: 11/11
  3323 | D:4      | Found a staircase to the Ecumenical Temple.
  3332 | Temple   | Entered the Ecumenical Temple
  3349 | Temple   | Became a worshipper of Gozag Ym Sagoz the Greedy
  3369 | D:4      | Bought the ring "Oqawur" {Str+4 Int+6 Dex+5} for 742 gold
                  | pieces
  4134 | D:5      | Entered Level 5 of the Dungeon
  4196 | D:5      | Reached skill level 1 in Hexes
  4299 | D:5      | Reached skill level 5 in Fighting
  4387 | D:5      | Reached skill level 6 in Maces & Flails
  5077 | D:5      | Found an ancient bone altar of Kikubaaqudgha.
  5640 | D:4      | Bought the ring "Geir" {rF+ Int+6} for 535 gold pieces
  5709 | D:6      | Noticed Grinder
  5717 | D:6      | Killed Grinder
  5718 | D:6      | Reached skill level 7 in Maces & Flails
  5718 | D:6      | Reached XP level 9. HP: 53/62 MP: 12/12
  5749 | D:3      | Noticed Natasha
  5758 | D:3      | Killed Natasha
  6125 | D:6      | Reached skill level 1 in Shields
  6909 | D:7      | Found a runed translucent gate.
  6913 | D:7      | Found a runed translucent gate.
  6914 | D:7      | Found a runed translucent gate.
  6915 | D:7      | Found an opulent altar of Gozag.
  6915 | D:7      | Noticed GloriousHammer's ghost (novice GnWn)
  6973 | D:7      | Reached skill level 8 in Maces & Flails
  7562 | D:7      | Acquired the Papyrus of Battling
  7571 | D:7      | Learned a level 5 spell: Iskenderun's Battlesphere
  7645 | D:8      | Reached XP level 10. HP: 41/69 MP: 13/13
  8534 | D:8      | Found a white marble altar of Elyvilon.
  8541 | D:8      | Found an ornate altar of the Wu Jian Council.
  8541 | D:8      | Found a shadowy altar of Dithmenos.
  8545 | D:8      | Found a blossoming altar of Fedhas.
  8710 | D:9      | Noticed a boulder beetle
  9202 | D:9      | Reached skill level 5 in Shields
  9213 | D:9      | Reached skill level 9 in Maces & Flails
  9281 | D:9      | Killed a boulder beetle
  9862 | D:10     | Entered Level 10 of the Dungeon
  9880 | D:10     | Found Wacaff's Armour Shop.
  9885 | D:10     | Found a staircase to the Orcish Mines.
  9952 | D:10     | Reached XP level 11. HP: 68/77 MP: 5/14
 10132 | D:10     | Found a radiant altar of Vehumet.
 10273 | D:10     | Found a staircase to the Lair.
 11007 | Lair:1   | Entered Level 1 of the Lair of Beasts
 11040 | Lair:1   | Reached skill level 10 in Maces & Flails
 11149 | Lair:1   | Noticed a four-headed hydra
 11155 | Lair:1   | Killed a four-headed hydra
 11186 | Lair:1   | Reached skill level 5 in Dodging
 11677 | Lair:1   | Noticed an eight-headed hydra
 11684 | Lair:1   | Killed an eight-headed hydra
 12109 | Lair:2   | Found a hole to the Spider Nest.
 12161 | Lair:2   | Noticed a catoblepas
 12181 | Lair:2   | Reached XP level 12. HP: 42/86 MP: 2/15
 12186 | Lair:2   | Killed a catoblepas
 12445 | Lair:2   | Reached skill level 11 in Maces & Flails
 12929 | Lair:2   | Reached skill level 10 in Fighting
 14117 | Lair:3   | Reached XP level 13. HP: 93/93 MP: 16/16
 14123 | Lair:3   | Slain by an eight-headed hydra

Illustrated notes

Levels and vault maps discovered:
D:1:      giann_bridges, layout_basic
D:2:      layout_loops_cross, ebering_ecumenical_altar_hall
D:3:      layout_basic, uniq_natasha
D:4:      layout_loops_ring, lemuel_temple_firewalk_a, uniq_pikel,
          uniq_eustachio, uniq_menkaure
D:5:      layout_cave_pods, kennysheep_mini_moat
D:6:      layout_basic, serial_bayou_crossing, uniq_grinder
D:7:      layout_cave_pools, ebering_ghost_gozag, grunt_ministairs_3
D:8:      layout_basic, minitemple
D:9:      layout_long_grid
D:10:     layout_loops_cross, mainiacjoe_overflow_brackets,
          erik_lair_orcish_takeover, orc_david_3
Temple:   eino_temple_scatter_basement
Lair:1:   layout_gridlike, nicolae_quartered_pool_super,
          chequers_serial_rivers_small_b
Lair:2:   layout_cave_pods, spider_nest_entry_web_field, grunt_megastairs_2,
          lemuel_fruit_tree, infiniplex_staircase_pool_2
Lair:3:   nzn_winding_woodlands_medium [nzn_winding_woodlands_5x5_open_star,
          nzn_winding_woodlands_5x15_jagged,
          nzn_winding_woodlands_5x5_checkerboard,
          nzn_winding_woodlands_5x5_perimeter,
          nzn_winding_woodlands_center_lodge, nzn_winding_woodlands_5x5_cross,
          nzn_winding_woodlands_5x5_closed_star,
          nzn_winding_woodlands_5x15_split_checker,
          nzn_winding_woodlands_5x5_three], layout_loops_ring,
          minmay_swamp_entry_worms

Skill      XL: |  1  2  3  4  5  6  7  8  9 10 11 12 |
---------------+-------------------------------------+-----
Fighting       | 1 2 3 4 5 6 8 9 10 | 10.6
Stealth        | 3 4 6 |  6.3
Conjurations   | 5 6 8 9 |  9.9
Maces & Flails | 1 4 5 7 8 9 10 11 | 11.8
Hexes          | 3 4 |  4.4
Shields        | 3 6 |  6.2
Dodging        | 5 7 |  7.7
Spellcasting   | |  2.0

Action                   |  1- 3 |  4- 6 |  7- 9 | 10-12 | 13-15 || total
-------------------------+-------+-------+-------+-------+-------++-------
Melee: Spear             |    37 |       |       |       |       ||    37
       Tentacles         |     6 |    13 |    28 |    94 |       ||   141
       Constrict         |     7 |    13 |    35 |    55 |       ||   110
       Demon whip        |    13 |    84 |   167 |   426 |     1 ||   691
       Punch             |       |     1 |     3 |     9 |       ||    13
 Cast: Magic Dart        |    14 |       |     2 |    22 |       ||    38
       Searing Ray       |       |       |     2 |       |       ||     2
       Fulminant Prism   |       |       |     2 |    15 |       ||    17
       Iskenderun's Batt |       |       |       |     6 |       ||     6
Invok: Call Merchant     |       |       |     1 |     1 |       ||     2
       Potion Petition   |       |       |       |     1 |       ||     1
Evoke: Wand              |       |       |       |     2 |       ||     2
  Use: Scroll            |     3 |       |     6 |    15 |     1 ||    25
       Potion            |       |     1 |       |     3 |       ||     4
 Stab: Sleeping          |    11 |    12 |    18 |    16 |       ||    57
       Distracted        |       |     1 |       |     6 |       ||     7
       Invisible         |       |       |       |     8 |       ||     8
Armor: Skin              |     2 |     5 |       |    14 |       ||    21
Dodge: Dodged            |    23 |    46 |    86 |   203 |     8 ||   366
Block: Buckler           |       |       |    14 |    72 |     5 ||    91
